 Dungeon Crawl Stone Soup version 0.29-a0-824-gd827844252 (webtiles) character file.

Game seed: 1894058412652664969

378 mason the Cudgeller (level 6, -2/82 HPs)
             Began as a Minotaur Berserker on July 10, 2022.
             Was a Believer of Trog.
             Slain by a mummy (14 damage)
             ... in an ossuary on July 11, 2022.
             The game lasted 00:27:13 (4381 turns).

mason the Cudgeller (Minotaur Berserker)            Turns: 4381, Time: 00:27:14

Health: -2/82      AC:  7    Str: 24    XL:     6   Next: 45%
Magic:  5/5        EV: 10    Int:  4    God:    Trog [**....]
Gold:   159        SH:  7    Dex:  9    Spells: 5/5 levels left

rFire   . . .      SeeInvis .   I - +0 flail
rCold   . . .      Faith    .   i - +0 kite shield
rNeg    . . .      Spirit   .   x - +0 ring mail
rPois   .          Reflect  .   (helmet restricted)
rElec   .          Harm     .   (no cloak)
rCorr   .          Rampage  .   (no gloves)
Will    .....                   f - +0 pair of boots
Stlth   ..........              (no amulet)
HPRegen 0.23/turn               (no ring)
MPRegen 0.09/turn               (no ring)

@: berserking, very quick
A: horns 2, retaliatory headbutt
a: Renounce Religion, Berserk, Trog's Hand


You were in an ossuary.
You worshipped Trog.
Trog was pleased with you.
You visited 1 branch of the dungeon, and saw 5 of its levels.
You also visited: Ossuary.

You collected 207 gold pieces.
You spent 48 gold pieces at shops.

Inventory:

Hand Weapons
 a - a +1 mace of electrocution
 e - a +0 club
 k - a +0 dagger
 l - a +0 sling
 m - a +0 dagger
 o - a +0 whip
 q - a +0 dagger
 u - a +0 dagger
 v - a +0 short sword
 w - a +0 war axe
 I - a +0 flail (weapon)
Missiles
 c - 26 stones (quivered)
Armour
 b - a +0 animal skin
 f - a +0 pair of boots (worn)
 g - a +0 barding
 i - a +0 kite shield (worn)
 s - a scarf of harm
 x - a +0 ring mail (worn)
 K - a +0 chain mail
 N - a +0 leather armour
Jewellery
 y - a ring of willpower
Wands
 A - a wand of light (7)
Scrolls
 h - a scroll of amnesia
 n - 2 scrolls of immolation
 p - 2 scrolls of fog
 r - 3 scrolls of teleportation
 t - 2 scrolls of brand weapon
 B - a scroll of silence {unknown}
 C - 2 scrolls of enchant armour {unknown}
 D - a scroll of enchant weapon
 E - a scroll of blinking {unknown}
 G - 3 scrolls of identify
 J - a scroll of fear
 M - a scroll of magic mapping {unknown}
Potions
 d - 4 potions of brilliance {unknown}
 j - a potion of invisibility {unknown}
 z - 2 potions of flight {unknown}
 F - 3 potions of curing {unknown}
 H - a potion of degeneration {unknown}
 L - a potion of cancellation {unknown}
 O - a potion of mutation {unknown}


   Skills:
 + Level 4.9 Fighting
 * Level 6.1 Maces & Flails
 + Level 4.0 Armour
 + Level 3.6 Dodging
 + Level 2.3 Shields


You had 5 spell levels left.
You didn't know any spells.
Your spell library contained the following spells:

 Spells                   Type           Power      Damage    Failure   Level
 Sandblast                Erth           0%         2d4       96%         1
 Passwall                 Tmut/Erth      0%         N/A       99%         2
 Stone Arrow              Conj/Erth      0%         3d7       100%        3
 Tukima's Dance           Hex            0%         N/A       100%        3
 Passage of Golubria      Tloc           0%         N/A       100%        4
 Yara's Violent Unravell  Hex/Tmut       0%         3d3       100%        5


Dungeon Overview and Level Annotations

Branches:
Dungeon (5/15)            Ossuary (1/1)
 Temple: D:4-7

Altars:
Hepliaklqana
Trog
The Shining One

Shops:
D:2 [

Annotations:
D:1 1 transporter


Innate Abilities, Weirdness & Mutations

You have a pair of horns on your head.
You reflexively headbutt those who attack you in melee.


Message History

You thump the mummy!
You destroy the mummy!
Trog accepts your kill.
You hit something. Your headbutt misses something.
You hear some strange, mumbled words.
A magic dart appears from out of thin air!
The magic dart hits you.
You barely miss something. Something hits you.
You barely miss something. Something hits you.
You hear some strange, mumbled words.
A magic dart appears from out of thin air!
The magic dart hits you!
You hear the hiss of an avalanche of sand.
There is a sand-covered staircase here.
Something hits you.
The world spins around you as you enter the gateway.
You enter an ossuary!
Reactivating autopickup.
Found a gate leading back out of this place.
There is an empty arch of ancient stone here.
The mummy hits you! x2
* * * LOW HITPOINT WARNING * * *
You barely miss the mummy. Your headbutt misses the mummy.
The mummy hits you but does no damage. You block the mummy's attack. x2
You barely miss the mummy. The mummy barely misses you.
You furiously retaliate!
You headbutt the mummy. You block the mummy's attack.
You barely miss the mummy. You headbutt the mummy.
The mummy is moderately damaged.
The mummy misses you. You furiously retaliate!
You headbutt the mummy! You sock the mummy!
You destroy the mummy!
Trog accepts your kill. You block the mummy's attack. The mummy hits you.
* * * LOW HITPOINT WARNING * * *
Your Armour skill increases to level 4!
A red film seems to cover your vision as you go berserk!
You feel yourself moving faster!
You feel mighty! The mummy hits you.
* * * LOW HITPOINT WARNING * * *
The mummy hits you!
You die...

#######
#.#.#.#
#M....#
#@M.#
#.∩.#
#...#
#.∩.#
#...#
##+##


You could see 2 mummies.

Vanquished Creatures
  A black bear (D:5)
  A scorpion (D:4)
  Ijyb (D:3)
  An iguana (D:4)
  2 mummies
  5 adders
  A white imp (D:5)
  2 worms (D:3)
  4 dart slugs
  6 orcs
  4 endoplasms
  A giant cockroach (D:4)
  11 goblins
  8 hobgoblins
  6 jackals
  4 quokkas
  6 ball pythons
  6 bats
  4 frilled lizards
  8 kobolds
  5 rats
87 creatures vanquished.

Vanquished Creatures (others)
  19 plants
19 creatures vanquished.

Grand Total: 106 creatures vanquished

Notes
Turn   | Place    | Note
-------+----------+-------------------------------------------
     0 | D:1      | mason the Minotaur Berserker began the quest for the Orb.
     0 | D:1      | Reached XP level 1. HP: 19/19 MP: 0/0
    18 | D:1      | You fall into a shaft and drop 1 floor!
    98 | D:2      | Reached XP level 2. HP: 19/27 MP: 1/1
   103 | D:2      | Reached skill level 4 in Maces & Flails
   110 | D:2      | HP: 1/27 [hobgoblin (4)]
   570 | D:1      | Reached XP level 3. HP: 33/33 MP: 2/2
   856 | D:1      | Found a faded altar of an unknown god.
  1165 | D:2      | Reached ** piety under Trog
  1250 | D:2      | Found Yrraluek's Armour Emporium.
  1469 | D:2      | Bought a +0 ring mail for 48 gold pieces
  1685 | D:2      | Reached XP level 4. HP: 40/40 MP: 3/3
  1983 | D:3      | Noticed Ijyb
  1993 | D:3      | Killed Ijyb
  1994 | D:3      | Reached skill level 5 in Maces & Flails
  1994 | D:3      | Reached skill level 1 in Shields
  2293 | D:3      | Found a bloodstained altar of Trog.
  2765 | D:3      | Found a hazy altar of Hepliaklqana.
  2772 | D:3      | Reached XP level 5. HP: 46/47 MP: 4/4
  3978 | D:4      | Found a glowing golden altar of the Shining One.
  4171 | D:5      | Entered Level 5 of the Dungeon
  4172 | D:5      | Noticed a black bear
  4179 | D:5      | Killed a black bear
  4180 | D:5      | Reached skill level 6 in Maces & Flails
  4180 | D:5      | Reached XP level 6. HP: 49/55 MP: 5/5
  4361 | D:5      | Found a sand-covered staircase.
  4372 | Ossuary  | Entered an ossuary
  4381 | Ossuary  | Slain by a mummy

Illustrated notes

Levels and vault maps discovered:
D:1:      spicycebolla_arrival_transporter_tutorial, layout_loops_ring,
          ebering_ecumenical_altar_abandoned, chequers_serial_rivers_marsh
D:2:      kennysheep_six_static_rooms, layout_basic, serial_shops,
          nicolae_shop_waterfront, minmay_heptomino_d4
D:3:      layout_basic, mainiacjoe_overflow_paths,
          nicolae_hepliaklqana_hazy_memory, uniq_ijyb
D:4:      layout_loops_ring, nicolae_tso_carved_into_rock, serial_bayou_ford_a
D:5:      layout_loops_ring, gup_ossuary_entry_pyramid, uniq_pikel
Ossuary:  ossuary_minmay_chase

Skill      XL: |  1  2  3  4  5  6 |
---------------+-------------------+-----
Maces & Flails | 4 5 6 |  6.1
Fighting       | 4 |  4.9
Armour         | 3 4 |  4.0
Dodging        | 3 |  3.6
Shields        | 1 2 |  2.3

Action                   |  1- 3 |  4- 6 || total
-------------------------+-------+-------++-------
Melee: Mace              |    56 |    73 ||   129
       Headbutt          |     3 |    20 ||    23
       Flail             |       |    59 ||    59
Invok: Berserk           |     3 |     1 ||     4
  Use: Scroll            |     9 |       ||     9
       Potion            |       |     1 ||     1
Armor: Animal skin       |    24 |       ||    24
       Ring mail         |     1 |    33 ||    34
Dodge: Dodged            |    52 |    39 ||    91
Block: Kite shield       |     5 |    32 ||    37

Table legend: (Time is in decaauts)
 A = Elapsed time spent in this place.
 B = Non-inter-level travel time spent in this place.
 C = Inter-level travel time spent in this place.
 D = Time resting spent in this place.
 E = Time spent auto-exploring this place.
 F = Levels seen in this place.
 G = Mean time per level.
                   A        B        C        D        E       F      G
               +--------+--------+--------+--------+--------+-----+--------+
         Total |   4486 |   4486 |      0 |    965 |   1604 |   6 |  747.7 |
       Dungeon |   4476 |   4476 |      0 |    965 |   1604 |   5 |  895.2 |
       Ossuary |      9 |      9 |      0 |      0 |      0 |   1 |    9.0 |
               +--------+--------+--------+--------+--------+-----+--------+

Top non-repeatable levels by time:
     D:3: 1495 daAuts
     D:2: 1077 daAuts
     D:4: 970 daAuts
     D:1: 729 daAuts
     D:5: 204 daAuts
 Ossuary: 9 daAuts
